[Event "Sunday 14 January Rapid Engine Tour 12+1 Rounds 9 Starts 1600 ST"]
[Site "Infinity Chess"]
[Date "2018.1.14"]
[Round "6"]
[White "ivrdurant"]
[Black "Murx"]
[Result "1/2-1/2"]
[ECO "C55"]
[WhiteElo "2410"]
[BlackElo "2499"]
[WhiteEngine "Raubfisch X37b1._CTG"]
[BlackEngine "BrainFish_171226_x64_modern"]
[EventType "Swiss"]
[WhiteTeam ""]
[BlackTeam ""]
[PlyCount "156"]
[TimeControl "720+1"]

1. e4 e5 2. Nf3 Nc6 3. Bc4 Nf6 4. d3 Bc5 5. c3 d6 6. O-O O-O 7. Bg5 h6 8. Bh4 a6 
9. Nbd2 Ba7 10. a4 g5 11. Bg3 Nh7 12. h3 h5 13. Kh1 Kh8 14. b4 h4 15. Bh2 g4 
16. hxg4 Bxg4 17. b5 Na5 18. Ba2 Ng5 19. d4 h3 20. gxh3 Nxh3 21. Qe1 Rg8 
22. bxa6 Rg7 23. Qe3 Qf6 24. Nxe5 dxe5 25. Bxe5 Qxe5 26. Qh6+ Rh7 27. Qxh7+ Kxh7 
28. dxe5 bxa6 29. Kg2 Rd8 30. Kg3 Nxf2 31. Nf3 Bc8 32. Bxf7 Nxe4+ 33. Kh4 Nc6 
34. Ng5+ Nxg5 35. Kxg5 Kg7 36. Rae1 Rd2 37. Bb3 Rg2+ 38. Kf4 Bh3 39. Rh1 Bd7 
40. e6 Be8 41. Bd5 Rf2+ 42. Kg5 Ne7 43. Be4 Ng6 44. Bxg6 Rg2+ 45. Kf4 Rxg6 
46. Re5 Bf2 47. Rh3 Kf6 48. c4 Rg1 49. Rh6+ Kg7 50. Rh3 Bd4 51. Rd5 Rf1+ 
52. Ke4 Bb2 53. Rc5 c6 54. Kd3 Re1 55. Kc2 Bd4 56. Ra5 Bg6+ 57. Kd2 Rxe6 
58. Rxa6 Kf6 59. a5 Bc5 60. Kc3 Be4 61. Ra8 Bf5 62. Rh6+ Bg6 63. a6 Re3+ 
64. Kb2 Kg7 65. Rxg6+ Kxg6 66. a7 Bd4+ 67. Kc2 Rc3+ 68. Kd2 Ra3 69. Rg8+ Kf6 
70. a8=Q Rxa8 71. Rxa8 Ke7 72. Kd3 Bc5 73. Rh8 Kd6 74. Rh6+ Kc7 75. Rh3 Kb6 
76. Rh6 Bf2 77. Rh7 Be1 78. Rh6 Bf2 1/2-1/2

[Event "Sunday 14 January Rapid Engine Tour 12+1 Rounds 9 Starts 1600 ST"]
[Site "Infinity Chess"]
[Date "2018.1.14"]
[Round "6"]
[White "IronMan"]
[Black "Dovahkiin"]
[Result "1/2-1/2 "]
[ECO "A13"]
[WhiteElo "2388"]
[BlackElo "2413"]
[WhiteEngine "Stockfish SL FA PB BMI2"]
[BlackEngine "BrainFish_180106_x64_modern_CTG"]
[EventType "Swiss"]
[WhiteTeam ""]
[BlackTeam ""]
[PlyCount "93"]
[TimeControl "720+1"]

1. c4 e6 2. e3 Nf6 3. d4 d5 4. Nf3 Be7 5. cxd5 exd5 6. Bd3 Bg4 7. Qa4+ Nbd7 
8. Ne5 Bh5 9. Nc3 c6 10. f4 O-O 11. O-O Nxe5 12. fxe5 Ne8 13. Qc2 Bg6 
14. Bxg6 hxg6 15. e4 dxe4 16. Be3 Nc7 17. Rf2 f5 18. exf6 Bxf6 19. Nxe4 Nd5 
20. Qd3 Nxe3 21. Nxf6+ Rxf6 22. Rxf6 Qxf6 23. Qxe3 Rd8 24. Qb3+ Rd5 25. Rd1 Qe7 
26. Qg3 Qe4 27. Qd3 Qf5 28. Qe3 Qg4 29. Rd3 Qd7 30. Qe4 Rd6 31. a4 g5 32. h3 a6 
33. Rb3 b5 34. axb5 axb5 35. Rd3 Re6 36. Qf3 Qd6 37. Rd1 Qd5 38. Qxd5 cxd5 
39. Rd3 Re4 40. Kf2 Kf7 41. Rf3+ Ke6 42. Re3 Kf5 43. g4+ Ke6 44. Kf3 Rxe3+ 
45. Kxe3 b4 46. Kf3 Kf6 47. Ke3 1/2-1/2

[Event "Sunday 14 January Rapid Engine Tour 12+1 Rounds 9 Starts 1600 ST"]
[Site "Infinity Chess"]
[Date "2018.1.14"]
[Round "6"]
[White "hafaba"]
[Black "beka"]
[Result "1/2-1/2"]
[ECO "E10"]
[WhiteElo "2393"]
[BlackElo "2435"]
[WhiteEngine "Stockfish SL 07012018 POPCNT_CTG"]
[BlackEngine "stockfish_18011309_x64_CTG"]
[EventType "Swiss"]
[WhiteTeam ""]
[BlackTeam ""]
[PlyCount "70"]
[TimeControl "720+1"]

1. d4 Nf6 2. c4 e6 3. Nf3 d5 4. Nc3 c6 5. e3 Nbd7 6. Bd3 dxc4 7. Bxc4 b5 
8. Be2 Bb7 9. O-O Be7 10. a3 a5 11. b3 O-O 12. Bb2 b4 13. Na4 c5 14. axb4 axb4 
15. Rc1 cxd4 16. Nxd4 Rc8 17. Bf3 Rxc1 18. Qxc1 Bxf3 19. Nxf3 Qb8 20. h3 Rc8 
21. Qb1 Qb7 22. Rd1 h6 23. Rc1 Rxc1+ 24. Qxc1 Ne4 25. Qc4 Bd6 26. Ne1 e5 
27. Bc1 Nef6 28. Bd2 e4 29. Nc2 Qd5 30. Bxb4 Bxb4 31. Nxb4 Qd1+ 32. Kh2 Qd6+ 
33. Kg1 Qd1+ 34. Kh2 Qd6+ 35. Kg1 Qd1+ 1/2-1/2

[Event "Sunday 14 January Rapid Engine Tour 12+1 Rounds 9 Starts 1600 ST"]
[Site "Infinity Chess"]
[Date "2018.1.14"]
[Round "6"]
[White "RonWeasley"]
[Black "miguello"]
[Result "1-0"]
[ECO "B06"]
[WhiteElo "2442"]
[BlackElo "2415"]
[WhiteEngine "BrainFish 060118_CTG"]
[BlackEngine "stockfish_18011309_x64_modern_CTG"]
[EventType "Swiss"]
[WhiteTeam ""]
[BlackTeam ""]
[PlyCount "153"]
[TimeControl "720+1"]

1. e4 g6 2. d4 Bg7 3. Nc3 d6 4. h4 Nf6 5. f3 c6 6. Be3 h5 7. a4 O-O 8. Be2 Qa5 
9. Qd2 Rd8 10. Nh3 Bxh3 11. Rxh3 e5 12. O-O-O Nbd7 13. Kb1 a6 14. d5 Rab8 
15. g4 Qb4 16. Rh2 cxd5 17. Nxd5 Qxd2 18. Rxd2 hxg4 19. fxg4 Nxe4 20. Rd1 Nef6 
21. Nxf6+ Nxf6 22. g5 Ne4 23. Bf3 Ng3 24. Bf2 Nh5 25. Ba7 Ra8 26. Bb6 Rd7 
27. Bg4 Re7 28. Rxd6 e4 29. Rd1 Be5 30. Rg2 Bc7 31. Bc5 Re5 32. Be3 Re7 
33. c3 Rae8 34. Rgg1 Bh2 35. Rgf1 Bg3 36. Rd2 Ng7 37. Rg1 Be5 38. Kc2 Ne6 
39. Rf1 Kg7 40. a5 Bg3 41. Bxe6 Rxe6 42. Rd7 R6e7 43. Rfd1 Be5 44. Bc5 Rxd7 
45. Rxd7 e3 46. Bxe3 Bxc3 47. Bb6 Be1 48. Rxb7 Bxh4 49. Bd4+ Kf8 50. Bc5+ Kg8 
51. Kd3 Bxg5 52. Ra7 Rd8+ 53. Kc4 Rc8 54. b4 Rc6 55. Kd5 Re6 56. Bd6 Re2 
57. Rxa6 Rd2+ 58. Kc6 Rc2+ 59. Kb7 Be3 60. Rc6 Rb2 61. Rc8+ Kh7 62. Rh8+ Kxh8 
63. Be5+ Kh7 64. Bxb2 g5 65. a6 g4 66. a7 Bxa7 67. Kxa7 g3 68. b5 g2 69. Bd4 f6 
70. b6 f5 71. b7 f4 72. b8=Q f3 73. Qg3 g1=Q 74. Qxg1 Kh6 75. Qg7+ Kh5 
76. Bf6 f2 77. Qg5# 1-0

[Event "Sunday 14 January Rapid Engine Tour 12+1 Rounds 9 Starts 1600 ST"]
[Site "Infinity Chess"]
[Date "2018.1.14"]
[Round "6"]
[White "angriff"]
[Black "ocirema"]
[Result "1/2-1/2"]
[ECO "C55"]
[WhiteElo "2450"]
[BlackElo "2422"]
[WhiteEngine "SF_64BIT_POPCNT_CTG"]
[BlackEngine "stockfish_18011309_x64_modern_CTG"]
[EventType "Swiss"]
[WhiteTeam ""]
[BlackTeam ""]
[PlyCount "65"]
[TimeControl "720+1"]

1. e4 e5 2. Nf3 Nc6 3. Bc4 Nf6 4. d3 Bc5 5. O-O d6 6. c3 a5 7. Re1 O-O 
8. Nbd2 h6 9. Nf1 Be6 10. Bb5 Ne7 11. d4 Bb6 12. Be3 Nxe4 13. dxe5 Bxe3 
14. Rxe3 Ng5 15. Nxg5 hxg5 16. exd6 Nf5 17. Rxe6 fxe6 18. dxc7 Qxc7 19. Qe2 Rf6 
20. Nd2 Raf8 21. Bc4 Kh8 22. Bb3 Rh6 23. Nf1 Qc6 24. Bc2 Qb6 25. Rb1 Rhf6 
26. Nd2 Nd6 27. Nf3 g4 28. Ne5 Rxf2 29. Ng6+ Kg8 30. Ne7+ Kh8 31. Ng6+ Kg8 
32. Ne7+ Kh8 33. Ng6+ 1/2-1/2

[Event "Sunday 14 January Rapid Engine Tour 12+1 Rounds 9 Starts 1600 ST"]
[Site "Infinity Chess"]
[Date "2018.1.14"]
[Round "6"]
[White "incredible"]
[Black "Thinker"]
[Result "1/2-1/2"]
[ECO "D15"]
[WhiteElo "2454"]
[BlackElo "2451"]
[WhiteEngine "Stockfish_x64_bmi2"]
[BlackEngine "BrainFish_180106_x64_modern_CTG"]
[EventType "Swiss"]
[WhiteTeam ""]
[BlackTeam ""]
[PlyCount "88"]
[TimeControl "720+1"]

1. d4 d5 2. c4 c6 3. Nf3 Nf6 4. Nc3 e6 5. Bg5 h6 6. Bxf6 Qxf6 7. e3 Nd7 
8. Bd3 dxc4 9. Bxc4 g6 10. O-O Bg7 11. e4 e5 12. d5 Nb6 13. Nd2 O-O 14. Bb3 h5 
15. Qe2 Bg4 16. f3 Bd7 17. Qf2 Rfd8 18. Kh1 Qe7 19. a4 cxd5 20. exd5 Nc8 
21. Rae1 Nd6 22. f4 e4 23. Ndxe4 Nxe4 24. Rxe4 Qd6 25. Nb5 Qf6 26. Re2 Qb6 
27. Qxb6 axb6 28. g3 Ra5 29. Rfe1 Bf6 30. Nc3 Bxc3 31. bxc3 Bxa4 32. Bxa4 Rxa4 
33. Rd2 Rd6 34. Re8+ Kg7 35. Kg1 Rc4 36. Rd3 b5 37. Kf2 b4 38. cxb4 Rxb4 
39. Kf3 Rb1 40. h3 Rf1+ 41. Kg2 Rc1 42. Kf3 Rf1+ 43. Kg2 Rc1 44. Kf3 Rf1+ 
1/2-1/2

[Event "Sunday 14 January Rapid Engine Tour 12+1 Rounds 9 Starts 1600 ST"]
[Site "Infinity Chess"]
[Date "2018.1.14"]
[Round "6"]
[White "Neoxium"]
[Black "THE_MACHINE"]
[Result "1/2-1/2"]
[ECO "D31"]
[WhiteElo "2462"]
[BlackElo "2477"]
[WhiteEngine "SF SL FA-IDeA"]
[BlackEngine "Houdini 6"]
[EventType "Swiss"]
[WhiteTeam ""]
[BlackTeam ""]
[PlyCount "157"]
[TimeControl "720+1"]

1. d4 d5 2. c4 e6 3. Nc3 c6 4. e3 Nf6 5. b3 Bb4 6. Bb2 Ne4 7. Qc2 e5 8. a3 Bxc3+ 
9. Bxc3 Nxc3 10. Qxc3 dxc4 11. dxe5 cxb3 12. Bc4 b2 13. Qxb2 Qa5+ 14. Ke2 Nd7 
15. f4 Nb6 16. Bb3 Qb5+ 17. Kf2 Be6 18. Rb1 Bf5 19. Bc2 Qxb2 20. Rxb2 Bxc2 
21. Rxc2 O-O-O 22. Nf3 Rd3 23. Rhc1 Rxa3 24. Ng5 f6 25. Nf7 Rg8 26. e6 Kc7 
27. Rd1 Ra5 28. e4 f5 29. Rcd2 fxe4 30. Rd8 e3+ 31. Kf3 e2 32. Kxe2 Rxd8 
33. Rxd8 Ra2+ 34. Kf3 Ra3+ 35. Ke2 Ra2+ 36. Kd3 Ra3+ 37. Ke4 Ra2 38. f5 Nd5 
39. Rd7+ Kb6 40. Kf3 Nf6 41. e7 Ra3+ 42. Kf4 Ra4+ 43. Ke3 Ra1 44. Kf3 Rf1+ 
45. Ke2 Rxf5 46. g4 Rf4 47. g5 Ne8 48. Nd8 Re4+ 49. Kf3 Re1 50. Rxb7+ Ka6 
51. Rd7 c5 52. Nc6 Kb6 53. Nxa7 c4 54. Nc8+ Kc5 55. Rd8 Nc7 56. Rd7 Nd5 
57. Rd8 Nxe7 58. Re8 c3 59. Nxe7 c2 60. Rc8+ Kb5 61. Rxc2 Rxe7 62. Rb2+ Kc4 
63. Rb6 g6 64. Kg4 Re2 65. Kg3 Re3+ 66. Kf2 Rh3 67. Rb1 h6 68. Rb7 hxg5 
69. Rc7+ Kb3 70. Rb7+ Ka2 71. Kg2 Rc3 72. Rd7 g4 73. Ra7+ Kb1 74. Ra6 Rc4 
75. Rd6 Kc2 76. Rxg6 Kd2 77. Kg3 Ke3 78. Rxg4 Rc1 79. h3 1/2-1/2

[Event "Sunday 14 January Rapid Engine Tour 12+1 Rounds 9 Starts 1600 ST"]
[Site "Infinity Chess"]
[Date "2018.1.14"]
[Round "6"]
[White "Vimtiroba"]
[Black "Susanne"]
[Result "1/2-1/2"]
[ECO "E06"]
[WhiteElo "2471"]
[BlackElo "2474"]
[WhiteEngine "Corchess 2.0_CTG"]
[BlackEngine "asmFishW_20_bmi2_CTG"]
[EventType "Swiss"]
[WhiteTeam ""]
[BlackTeam ""]
[PlyCount "114"]
[TimeControl "720+1"]

1. d4 Nf6 2. c4 e6 3. g3 d5 4. Bg2 Bb4+ 5. Bd2 Be7 6. Nf3 O-O 7. O-O c6 
8. Qc2 Nbd7 9. Bf4 b6 10. Rd1 Ba6 11. cxd5 cxd5 12. Ne5 Nh5 13. Nc6 Rc8 
14. Bc1 Nb8 15. Nxe7+ Qxe7 16. Qd2 Nf6 17. b4 Rfd8 18. a4 Bc4 19. b5 Nbd7 
20. Ba3 Qe8 21. Qb2 e5 22. Re1 exd4 23. Qxd4 Nc5 24. Bxc5 Rxc5 25. Nd2 Qe7 
26. Nf3 Re8 27. e3 h6 28. Qb2 Ne4 29. Rec1 Qd6 30. Nd4 a6 31. bxa6 Bxa6 
32. Rxc5 bxc5 33. Nb5 Qb6 34. Rb1 Nf6 35. Qd2 Rd8 36. Qc2 Qc6 37. Qa2 Rb8 
38. Rd1 Bxb5 39. axb5 Qxb5 40. Bxd5 Nxd5 41. Qxd5 Rc8 42. Ra1 Qe8 43. Rc1 Qc6 
44. Qxc6 Rxc6 45. Kf1 f5 46. Ke2 Kf7 47. f3 c4 48. Kd2 Kf6 49. h4 Ke5 
50. Kc3 Ra6 51. h5 Ra3+ 52. Kxc4 Rxe3 53. Rc3 Rxc3+ 54. Kxc3 g6 55. hxg6 Kf6 
56. Kd3 Kxg6 57. Kd4 f4 1/2-1/2

[Event "Sunday 14 January Rapid Engine Tour 12+1 Rounds 9 Starts 1600 ST"]
[Site "Infinity Chess"]
[Date "2018.1.14"]
[Round "6"]
[White "KRAKEN"]
[Black "xeonrocks"]
[Result "1/2-1/2"]
[ECO "D31"]
[WhiteElo "2484"]
[BlackElo "2516"]
[WhiteEngine "Raubfisch ME262_GTZ16b2_CTG"]
[BlackEngine "asmFishW_bmi2.exe_CTG"]
[EventType "Swiss"]
[WhiteTeam ""]
[BlackTeam ""]
[PlyCount "136"]
[TimeControl "720+1"]

1. d4 d5 2. c4 e6 3. Nc3 c6 4. Nf3 Nf6 5. e3 Nbd7 6. Qc2 Bd6 7. Bd3 dxc4 
8. Bxc4 O-O 9. O-O a6 10. a4 c5 11. b3 cxd4 12. exd4 b6 13. Ne4 Nxe4 
14. Qxe4 Ra7 15. Ne5 Rc7 16. Bd3 Nf6 17. Qh4 h6 18. Nc4 Nd5 19. Qe4 f5 
20. Qe2 Bb4 21. Bd2 b5 22. axb5 axb5 23. Na3 Bxd2 24. Qxd2 b4 25. Nc4 Nc3 
26. Qe3 Nb5 27. Ra8 Nxd4 28. Rd1 Qf6 29. Bf1 Rd8 30. Ne5 Rd5 31. Rxd4 Rxe5 
32. Qf4 Rec5 33. Rxb4 e5 34. Qe3 Kh7 35. Rc4 Qe7 36. Rb8 Be6 37. Rxc5 Qxc5 
38. Rb6 Qxe3 39. fxe3 Bd5 40. Rb5 Rd7 41. b4 Kg6 42. Kf2 Kf6 43. Be2 Ke6 
44. Ra5 Rc7 45. Ra6+ Ke7 46. Ra5 Kd6 47. Ra6+ Rc6 48. Rxc6+ Bxc6 49. g3 g5 
50. Bd3 e4 51. Bc4 Bd5 52. Ba6 Bf7 53. h3 Ke5 54. Be2 Bd5 55. h4 f4 
56. exf4+ gxf4 57. gxf4+ Kxf4 58. b5 e3+ 59. Ke1 Ba8 60. Bh5 Bb7 61. b6 Bc6 
62. Be2 Bb7 63. h5 Ke4 64. Bb5 e2 65. Bxe2 Kd4 66. Bd1 Bh1 67. Kf2 Bc6 
68. b7 Bxb7 1/2-1/2

[Event "Sunday 14 January Rapid Engine Tour 12+1 Rounds 9 Starts 1600 ST"]
[Site "Infinity Chess"]
[Date "2018.1.14"]
[Round "6"]
[White "Marsell"]
[Black "Satria_Ungu"]
[Result "1/2-1/2"]
[ECO "C53"]
[WhiteElo "2493"]
[BlackElo "2448"]
[WhiteEngine "asmFishW_2018-01-11_popcnt"]
[BlackEngine "Houdini 6"]
[EventType "Swiss"]
[WhiteTeam ""]
[BlackTeam ""]
[PlyCount "99"]
[TimeControl "720+1"]

1. e4 e5 2. Nf3 Nc6 3. Bc4 Bc5 4. c3 Nf6 5. d3 d6 6. O-O h6 7. b4 Bb6 8. a4 a5 
9. b5 Ne7 10. Be3 Bxe3 11. fxe3 Ng6 12. Bb3 O-O 13. c4 c6 14. Qe2 Be6 
15. Nc3 Rc8 16. Rac1 Re8 17. h3 Nd7 18. Qf2 Rf8 19. Qe1 Qe7 20. d4 exd4 
21. exd4 Nb6 22. bxc6 bxc6 23. Nd1 c5 24. Ne3 cxd4 25. Nxd4 Rc5 26. Qf2 Qd8 
27. Rfd1 Nc8 28. Rc3 Kh8 29. Rf1 Re8 30. Rd1 Ne5 31. Nef5 Qf6 32. Nxe6 Rxe6 
33. Rg3 g6 34. Nxh6 Qxf2+ 35. Kxf2 Nb6 36. Ng4 Nxg4+ 37. Rxg4 Kg7 38. Rf4 g5 
39. Rg4 Nd7 40. h4 Nf6 41. Rxg5+ Rxg5 42. hxg5 Nxe4+ 43. Kf3 Nxg5+ 44. Kf4 Rg6 
45. c5 dxc5 46. Rc1 Rb6 47. Rxc5 Nh3+ 48. gxh3 Rxb3 49. Rxa5 Rxh3 50. Rf5 
1/2-1/2

[Event "Sunday 14 January Rapid Engine Tour 12+1 Rounds 9 Starts 1600 ST"]
[Site "Infinity Chess"]
[Date "2018.1.14"]
[Round "5"]
[White "Murx"]
[Black "CoffeeOne"]
[Result "1/2-1/2"]
[ECO "E10"]
[WhiteElo "2500"]
[BlackElo "2470"]
[WhiteEngine "BrainFish_171226_x64_modern"]
[BlackEngine "Houdini 6"]
[EventType "Swiss"]
[WhiteTeam ""]
[BlackTeam ""]
[PlyCount "107"]
[TimeControl "720+1"]

1. d4 Nf6 2. c4 e6 3. Nf3 d5 4. Nc3 Be7 5. Bf4 O-O 6. e3 Nbd7 7. c5 Nh5 
8. Bd3 Nxf4 9. exf4 b6 10. b4 a5 11. a3 c6 12. O-O Ba6 13. Bxa6 Rxa6 14. b5 cxb5 
15. c6 Nb8 16. Ne5 Bd6 17. Rc1 Bxe5 18. dxe5 Nxc6 19. Nxd5 Ra8 20. Rxc6 Qxd5 
21. Qxd5 exd5 22. Rfc1 Rfe8 23. g3 Re6 24. Rc8+ Re8 25. Rxe8+ Rxe8 26. Rc6 Rb8 
27. Kf1 b4 28. axb4 a4 29. Ke2 a3 30. Kd3 Ra8 31. Rc1 Kf8 32. Ra1 Ke7 
33. Kc3 Ke6 34. h4 Kf5 35. Kd4 Ke6 36. Kc3 f6 37. exf6 gxf6 38. h5 Kf5 
39. Kd4 a2 40. Kxd5 Kg4 41. Ke4 Ra3 42. Kd5 b5 43. Kc6 Kf3 44. Kxb5 Kxf2 
45. g4 Ke3 46. g5 f5 47. g6 hxg6 48. hxg6 Kxf4 49. g7 Rg3 50. g8=Q Rxg8 
51. Rxa2 Rb8+ 52. Kc5 Rc8+ 53. Kd4 Rc1 54. Rf2+ 1/2-1/2

[Event "Sunday 14 January Rapid Engine Tour 12+1 Rounds 9 Starts 1600 ST"]
[Site "Infinity Chess"]
[Date "2018.1.14"]
[Round "5"]
[White "OlivierEvan"]
[Black "IronMan"]
[Result "1/2-1/2 "]
[ECO "A40"]
[WhiteElo "2362"]
[BlackElo "2389"]
[WhiteEngine "Houdini 6"]
[BlackEngine "Stockfish SL FA PB BMI2"]
[EventType "Swiss"]
[WhiteTeam ""]
[BlackTeam ""]
[PlyCount "278"]
[TimeControl "720+1"]

1. d4 e6 2. e4 a6 3. Nf3 d5 4. Nbd2 Nf6 5. e5 Nfd7 6. Bd3 c5 7. c3 Be7 
8. O-O Nc6 9. Re1 g5 10. dxc5 Nxc5 11. Bc2 Nd7 12. Ba4 Nb6 13. Bxc6+ bxc6 
14. Nd4 Bd7 15. b4 h5 16. N2b3 Nc4 17. Nc5 a5 18. Ndb3 Bc8 19. a3 g4 20. Be3 a4 
21. Nd4 Bxc5 22. bxc5 Bd7 23. Nc2 Rb8 24. Qc1 Rg8 25. Bf4 Rb5 26. Rb1 Rg6 
27. Rb4 Rxc5 28. Ne3 Nb6 29. c4 dxc4 30. Nxc4 Rxc4 31. Rxc4 Nxc4 32. Qxc4 Qa5 
33. Rd1 h4 34. Qd4 Qc7 35. Qc5 Qb8 36. Bc1 h3 37. Be3 Qb7 38. g3 Rg8 39. Rd4 Qb5 
40. Rb4 Qxc5 41. Bxc5 Bc8 42. Rb8 Kd8 43. Ra8 Rg5 44. Bd6 c5 45. Kf1 c4 
46. Ke1 c3 47. Rxa4 Bb7 48. Rc4 Rf5 49. Rxg4 Rf3 50. Bc5 Rd3 51. Rd4+ Rxd4 
52. Bxd4 c2 53. Kd2 Be4 54. f3 Bg6 55. a4 Kc8 56. Be3 Kb7 57. g4 Ka6 58. Kc3 Ka5 
59. Kb3 Bd3 60. f4 Bg6 61. f5 exf5 62. g5 f4 63. Bxf4 Kb6 64. Kb4 Bf5 
65. Be3+ Kc6 66. Kc4 Bd7 67. Kc3 Kd5 68. e6 Kxe6 69. a5 Ke5 70. Kxc2 Bb5 
71. Kc3 Ba6 72. Kb4 Ke4 73. Bd2 Kd4 74. Bc3+ Kd5 75. Bf6 Bc4 76. Ka3 Bf1 
77. Kb2 Kc6 78. Kb3 Kb5 79. Bd8 Bd3 80. Kc3 Bg6 81. Kd2 Be4 82. Ke3 Ba8 
83. Bb6 Bc6 84. Kf4 Bd5 85. Kg3 Be6 86. Bd8 Bd7 87. Bc7 Bc8 88. Kf3 Be6 
89. Ke3 Bd5 90. Kd2 Be4 91. Bd8 Bd5 92. Kd3 Bf3 93. Kd4 Bc6 94. Bb6 Bb7 
95. Ke5 Bh1 96. Kf5 Bb7 97. Kf6 Bd5 98. Bd8 Bc4 99. g6 fxg6 100. Kxg6 Bd3+ 
101. Kf6 Bc4 102. Bb6 Be2 103. Ke5 Bc4 104. Ke4 Be6 105. Bc7 Bc4 106. Kd4 Be2 
107. Kc3 Bc4 108. a6 Bd5 109. a7 Ka6 110. Kd4 Bf3 111. Bb8 Kb6 112. Ke3 Bg2 
113. Kf4 Kb7 114. Kf5 Bf1 115. Kg6 Bg2 116. Kf6 Bf1 117. Ke5 Be2 118. Kd4 Bf3 
119. Kc3 Bd1 120. Kb4 Be2 121. Kb3 Bd1+ 122. Kc3 Be2 123. Kc2 Bh5 124. Kd3 Bf3 
125. Kc4 Be4 126. Kb4 Bb1 127. Kc5 Bf5 128. Kd5 Bg6 129. Kd4 Bb1 130. Ke3 Bf5 
131. Kd2 Bb1 132. Ke2 Ba2 133. Kd1 Bb1 134. Kd2 Be4 135. Kc3 Bc6 136. Kb4 Bg2 
137. Kc5 Bf3 138. Kd6 Bd1 139. Ke6 Bc2 1/2-1/2

[Event "Sunday 14 January Rapid Engine Tour 12+1 Rounds 9 Starts 1600 ST"]
[Site "Infinity Chess"]
[Date "2018.1.14"]
[Round "5"]
[White "Dovahkiin"]
[Black "miguello"]
[Result "1/2-1/2"]
[ECO "A45"]
[WhiteElo "2413"]
[BlackElo "2415"]
[WhiteEngine "BrainFish_180106_x64_modern_CTG"]
[BlackEngine "stockfish_18011309_x64_modern_CTG"]
[EventType "Swiss"]
[WhiteTeam ""]
[BlackTeam ""]
[PlyCount "68"]
[TimeControl "720+1"]

1. d4 Nf6 2. Bf4 d5 3. e3 c5 4. c3 Nc6 5. Nd2 e6 6. Ngf3 cxd4 7. exd4 Be7 
8. h3 Bd6 9. Bxd6 Qxd6 10. Bb5 O-O 11. O-O Nh5 12. Bxc6 bxc6 13. Ne5 g6 
14. Re1 f6 15. Nd3 Re8 16. Nf3 Ba6 17. Nc5 Bc8 18. Qd2 e5 19. g4 Ng7 
20. dxe5 fxe5 21. b4 a5 22. a4 Ra7 23. Re3 h5 24. Rae1 hxg4 25. hxg4 Rae7 
26. Nh2 Rf8 27. Nf3 Bxg4 28. Nxe5 Bc8 29. Nc4 Qf4 30. Rxe7 Qg4+ 31. Kh1 Qf3+ 
32. Kg1 Qg4+ 33. Kf1 Qh3+ 34. Kg1 Qg4+ 1/2-1/2

[Event "Sunday 14 January Rapid Engine Tour 12+1 Rounds 9 Starts 1600 ST"]
[Site "Infinity Chess"]
[Date "2018.1.14"]
[Round "5"]
[White "ivrdurant"]
[Black "ocirema"]
[Result "1/2-1/2"]
[ECO "C55"]
[WhiteElo "2410"]
[BlackElo "2422"]
[WhiteEngine "Raubfisch X37b1._CTG"]
[BlackEngine "stockfish_18011309_x64_modern_CTG"]
[EventType "Swiss"]
[WhiteTeam ""]
[BlackTeam ""]
[PlyCount "75"]
[TimeControl "720+1"]

1. e4 e5 2. Nf3 Nc6 3. Bc4 Nf6 4. d3 Bc5 5. c3 O-O 6. O-O d6 7. h3 a5 8. Re1 h6 
9. Nbd2 Be6 10. Bb5 Qb8 11. Nf1 Qa7 12. Re2 a4 13. Ng3 Qa5 14. Bxc6 bxc6 
15. Nh4 Rfe8 16. Re1 d5 17. exd5 Nxd5 18. Nhf5 Qb6 19. Qf3 Nf4 20. d4 Bf8 
21. dxe5 Ng6 22. Qh5 Ra5 23. Nd4 Bc5 24. Qd1 Rd8 25. Re4 Bd5 26. Re1 Be6 
27. Bd2 Raa8 28. Be3 Qxb2 29. Ne4 Bb6 30. Qf3 Nxe5 31. Qg3 Bxd4 32. Bxd4 Ng6 
33. Nc5 Bc4 34. a3 Qd2 35. Re3 Qb2 36. Ree1 Qd2 37. Re3 Qb2 38. Ree1 1/2-1/2

[Event "Sunday 14 January Rapid Engine Tour 12+1 Rounds 9 Starts 1600 ST"]
[Site "Infinity Chess"]
[Date "2018.1.14"]
[Round "5"]
[White "beka"]
[Black "angriff"]
[Result "1/2-1/2"]
[ECO "A40"]
[WhiteElo "2434"]
[BlackElo "2451"]
[WhiteEngine "stockfish_18011309_x64_CTG"]
[BlackEngine "SF_64BIT_POPCNT_CTG"]
[EventType "Swiss"]
[WhiteTeam ""]
[BlackTeam ""]
[PlyCount "115"]
[TimeControl "720+1"]

1. d4 c6 2. e4 d5 3. e5 c5 4. c3 Nc6 5. Be2 Bf5 6. Nf3 e6 7. O-O cxd4 
8. cxd4 Nge7 9. Be3 Nc8 10. Ne1 Nb6 11. Nc3 Bb4 12. Nd3 Bxc3 13. bxc3 O-O 
14. Bc1 Na5 15. g4 Bg6 16. Nf4 Qc7 17. Bd2 Nbc4 18. Bc1 Qe7 19. Nxg6 fxg6 
20. f4 b5 21. Rb1 a6 22. a4 Qd7 23. axb5 axb5 24. f5 exf5 25. gxf5 Rxf5 
26. Rxf5 gxf5 27. Bf3 h6 28. Qe2 Kh7 29. e6 Qc6 30. Bf4 Re8 31. Re1 Re7 
32. Bh5 Nd6 33. Bxd6 Qxd6 34. Bf7 Nc6 35. Qh5 Kh8 36. Qxf5 Ra7 37. Bh5 Ra8 
38. Kh1 Ra2 39. Be2 Nd8 40. Qb1 Rd2 41. Qc1 Ra2 42. e7 Qxe7 43. Bf3 Qf7 
44. Qe3 Qf5 45. Qe8+ Kh7 46. Bg2 b4 47. Qe5 Qxe5 48. dxe5 bxc3 49. e6 Nxe6 
50. Bxd5 Rd2 51. Bxe6 c2 52. Bb3 Kg6 53. Rc1 Rd1+ 54. Rxd1 cxd1=Q+ 55. Bxd1 Kg5 
56. Be2 Kf4 57. h3 Ke5 58. h4 1/2-1/2

[Event "Sunday 14 January Rapid Engine Tour 12+1 Rounds 9 Starts 1600 ST"]
[Site "Infinity Chess"]
[Date "2018.1.14"]
[Round "5"]
[White "incredible"]
[Black "RonWeasley"]
[Result "1/2-1/2"]
[ECO "E10"]
[WhiteElo "2454"]
[BlackElo "2442"]
[WhiteEngine "Stockfish_x64_bmi2"]
[BlackEngine "BrainFish 060118_CTG"]
[EventType "Swiss"]
[WhiteTeam ""]
[BlackTeam ""]
[PlyCount "116"]
[TimeControl "720+1"]

1. d4 Nf6 2. c4 e6 3. Nf3 d5 4. Nc3 c6 5. Bg5 h6 6. Bxf6 Qxf6 7. e3 Nd7 
8. Bd3 dxc4 9. Bxc4 g6 10. O-O Bg7 11. e4 e5 12. d5 Nb6 13. Nd2 Nxc4 
14. Nxc4 O-O 15. Qe2 Rd8 16. a3 Bd7 17. Rad1 cxd5 18. Nxd5 Qg5 19. Nce3 h5 
20. Qc4 Bc6 21. Nb4 Rd4 22. Rxd4 exd4 23. Ned5 Bxd5 24. Nxd5 Qe5 25. Re1 Rd8 
26. g3 Qe6 27. Qe2 Qd7 28. Qf3 Rc8 29. Kg2 Rc2 30. Qb3 Rc5 31. Qf3 Qg4 
32. Qb3 Qd7 33. Qd1 a5 34. h3 Qe6 35. b3 Kh7 36. Qe2 a4 37. bxa4 f5 38. Nf4 Qc6 
39. g4 Rc2 40. Qb5 fxg4 41. hxg4 Qf6 42. Nd3 Qe6 43. gxh5 Qg4+ 44. Kh2 gxh5 
45. Qf5+ Qxf5 46. exf5 Rc3 47. Re7 Rxd3 48. f6 Rxa3 49. Rxg7+ Kh6 50. Rxb7 Rxa4 
51. Rd7 d3 52. Kg3 Kg6 53. f3 h4+ 54. Kh3 d2 55. Rxd2 Kxf6 56. Rd8 Kf5 
57. f4 Ra1 58. Kxh4 Rg1 1/2-1/2

[Event "Sunday 14 January Rapid Engine Tour 12+1 Rounds 9 Starts 1600 ST"]
[Site "Infinity Chess"]
[Date "2018.1.14"]
[Round "5"]
[White "Thinker"]
[Black "Neoxium"]
[Result "1/2-1/2"]
[ECO "B90"]
[WhiteElo "2450"]
[BlackElo "2463"]
[WhiteEngine "BrainFish_180106_x64_modern_CTG"]
[BlackEngine "SF SL FA-IDeA"]
[EventType "Swiss"]
[WhiteTeam ""]
[BlackTeam ""]
[PlyCount "144"]
[TimeControl "720+1"]

1. e4 c5 2. Nf3 d6 3. d4 cxd4 4. Nxd4 Nf6 5. Nc3 a6 6. Be3 e5 7. Nb3 Be7 
8. Be2 b6 9. g4 Bb7 10. Qd3 Nc6 11. a3 b5 12. g5 Nd7 13. h4 Nc5 14. Qd2 b4 
15. axb4 Nxb3 16. cxb3 Nxb4 17. h5 O-O 18. Rd1 Bc8 19. h6 g6 20. f4 Rb8 
21. O-O Be6 22. f5 gxf5 23. exf5 Bxb3 24. f6 d5 25. fxe7 Qxe7 26. Bf2 f5 
27. Rc1 d4 28. Nd1 Nd5 29. Bh4 Qe6 30. Bf3 Nf4 31. Bg3 Ng6 32. Nf2 f4 
33. Bh2 Qf5 34. Kh1 Qxg5 35. Rc5 Qxh6 36. Rg1 Rf5 37. Bg4 Rf6 38. Qa5 Kh8 
39. Ne4 Rfb6 40. Rxe5 Qg7 41. Rh5 Rb5 42. Rxb5 axb5 43. Bf3 Bd5 44. Rg2 Qe5 
45. Rg5 Bxe4 46. Rxe5 Bxf3+ 47. Kg1 Nxe5 48. Qa7 Rd8 49. Bxf4 Rg8+ 50. Kf1 Bg2+ 
51. Ke1 Nd3+ 52. Kd2 Nxf4 53. Qxd4+ Rg7 54. Qd8+ Rg8 55. Qd4+ Rg7 56. Qd8+ Rg8 
57. Qf6+ Rg7 58. Qf8+ Rg8 59. Qxf4 b4 60. Qxb4 h6 61. Qd6 Kh7 62. Qd7+ Kg6 
63. b4 h5 64. Qe6+ Kh7 65. Qf5+ Kh6 66. Qf6+ Rg6 67. Qh8+ Kg5 68. b5 h4 
69. Qd8+ Kh5 70. b6 h3 71. Qe7 Rxb6 72. Ke3 Rb3+ 1/2-1/2